 Dungeon Crawl Stone Soup version 0.31-a0-1002-g8e65716e6e (webtiles) character file.

Game seed: 12396378180925045534

18 kae the Vexing (level 2, 0/28 HPs)
             Began as a Demonspawn Enchanter on Nov 9, 2023.
             Succumbed to an adder's poison
             ... on level 2 of the Dungeon.
             The game lasted 00:00:42 (758 turns).

kae the Vexing (Demonspawn Enchanter)                Turns: 758, Time: 00:00:42

Health: 0/28       AC: 21    Str:  8    XL:     2   Next: 51%
Magic:  5/5        EV:  2    Int: 16    God:
Gold:   72         SH:  5    Dex: 13    Spells: 5/5 levels left

rFire   . . .        a - +1 dagger
rCold   . . .        (no shield)
rNeg    . . .        b - melded +0 robe
rPois   +            (helmet currently unavailable)
rElec   .            (cloak currently unavailable)
rCorr   .            (gloves currently unavailable)
SInv    .            (boots currently unavailable)
Will    .....        e - amulet of reflection
Stlth   ++           (no ring)
HPRegen 0.24/turn    (no ring)
MPRegen 0.09/turn

%: reflection
@: mighty, lethally poisoned (0 -> -3), tree-form
A: stationary, stasis, torment immunity, boosted hp, (hooves 1)
a: no special abilities


You were on level 2 of the Dungeon.
You were a tree.
You visited 1 branch of the dungeon, and saw 2 of its levels.

You collected 72 gold pieces.


Innate Abilities, Weirdness & Mutations

You are a tree.
Your roots penetrate the ground, keeping you stationary.
You cannot be teleported.
You are immune to unholy pain and torment.
Your maximum health is greatly increased.
Your equipment is partially melded.
((You have large cloven feet.))


   Skills:
 * Level 1.4 Short Blades
 + Level 2.0 Dodging
 + Level 2.9 Stealth
 + Level 2.1 Spellcasting
 * Level 3.2 Hexes


You had 5 spell levels left.
You didn't know any spells.
Your spell library contained the following spells:

 Spells                   Type           Power      Damage    Failure   Level
 Ensorcelled Hibernation  Hex/Ice        12%        N/A       16%         2
 Confusing Touch          Hex            12%        N/A       16%         3
 Tukima's Dance           Hex            12%        N/A       16%         3
 Dazzling Flash           Conj/Hex       12%        N/A       32%         3

Inventory:

Hand Weapons
 a - a +1 dagger (weapon)
Missiles
 f - 6 stones
Armour
 b - a +0 robe (melded)
Jewellery
 e - an amulet of reflection (around neck)
   (You found it on level 1 of the Dungeon)
Scrolls
 i - a scroll of fear
Potions
 c - 2 potions of invisibility
 j - a potion of lignification {!q}

Dungeon Overview and Level Annotations

Branches:
Dungeon (2/15) Zot: 11245

Altars:

##.#...<....##.#
#.###########.#####
#.# #.......# ##+#
#.#.###.# ##...#
#..#.##.# #.....#
##.###.#.## .......##
#.## ##...#
........####..###.#..#
.......♣'......#†.#..#
........####....#.#..#
.......## ##........#
#.....# ##.#.###.#
##...# #.#.# .# ##+#
#.#.# .# #.... ###.#
.#


There were no monsters in sight!


Message History

You climb downwards.
There is a stone staircase leading up here.
Okay, then.
A ball python comes into view.
You start putting on your amulet.
You continue putting on your amulet of reflection. x3
The ball python hisses angrily.
You continue putting on your amulet of reflection. x2
The ball python misses you. The ball python barely misses you.
You finish putting on your amulet of reflection.
You feel a shielding aura gather around you.
e - an amulet of reflection (around neck)
You hit the ball python.
You kill the ball python!
No target in view!
No target in view!
No target in view!
You open the door.
An adder comes into view.
There is an open door here.
The adder hisses angrily.
The adder misses you.
An adder is nearby!
An adder is nearby!
You hit the adder. You kick the adder. The adder misses you.
You miss the adder. The adder bites you but does no damage.
An adder is nearby!
You barely miss the adder. The adder bites you. You block the adder's attack.
You closely miss the adder. Your kick misses the adder.
The adder closely misses you. 😕 HP[-3]
You take 3 damage, and now have 16/19 hp.
An adder is nearby!
You hit the adder but do no damage. You kick the adder. The adder bites you.
You are poisoned.
The adder poisons you!
You miss the adder. Your kick misses the adder.
You feel sick. You block the adder's attack. 😮 HP[-3]
You take 3 damage, and now have 13/19 hp.
You are too injured to fight recklessly!
You are too injured to fight recklessly!
You are too injured to fight recklessly!
You are too injured to fight recklessly!
Unknown command.
You miss the adder. Your kick misses the adder.
You feel sick. The adder barely misses you. 😮 HP[-1]
You take 1 damage, and now have 12/19 hp.
You miss the adder.
You feel sick. The adder bites you.
You are more poisoned.
The adder poisons you! The adder barely misses you. 😮 HP[-2]
You take 2 damage, and now have 10/19 hp.
You barely miss the adder.
You feel sick. The adder barely misses you. 😨 HP[-2]
You take 2 damage, and now have 8/19 hp.
You hit the adder.
You feel sick. The adder bites you.
* * * LOW HITPOINT WARNING * * *
You are lethally poisoned!
The adder poisons you! 😨 HP[-3]
You take 3 damage, and now have 5/19 hp.
You hit the adder. Your kick misses the adder.
* * * LOW HITPOINT WARNING * * *
You feel sick. The adder closely misses you. 😱 HP[-2]
You take 2 damage, and now have 3/19 hp.
You hit the adder but do no damage. Your kick misses the adder.
* * * LOW HITPOINT WARNING * * *
You feel sick.
The adder bites you but does no damage. 😱 HP[-1]
You take 1 damage, and now have 2/19 hp.
Unknown command.
You hit the adder.
You kill the adder!
* * * LOW HITPOINT WARNING * * *
You feel sick.
Your Dodging skill increases to level 2! 😱 HP[-1]
You take 1 damage, and now have 1/19 hp.
There is a lethal amount of poison in your body!
It was a potion of lignification.
You turn into a tree.
Your +0 robe melds into your body.
Your roots penetrate the ground.
* * * LOW HITPOINT WARNING * * *
You feel sick.
You now have 28 max hp (+9).
Okay, then.
There is a lethal amount of poison in your body!
There is a lethal amount of poison in your body!
There is a lethal amount of poison in your body!
It was a potion of might.
You feel very mighty all of a sudden.
* * * LOW HITPOINT WARNING * * *
You feel sick.
There is a lethal amount of poison in your body!
There is a lethal amount of poison in your body!
Unknown command.
There is a lethal amount of poison in your body!
You die...

Skill      XL: |  1  2 |
---------------+-------+-----
Short Blades   | 1 |  1.4
Dodging        | 2 |  2.0
Stealth        | |  2.9
Spellcasting   | |  2.1
Hexes          | |  3.2

Action                     || total
---------------------------++-------
  Melee: Dagger            ||    52
         Kick              ||     2
    Use: Scroll            ||     2
         Potion            ||     2
 Armour: Robe              ||    26
  Dodge: Dodged            ||    31
  Block: Other             ||     2

Levels and vault maps discovered:
D:1:      wander_arrival_fairy_ring, layout_rooms
D:2:      layout_loops_corners, minmay_cut_off, uniq_robin

Notes
Turn   | Place    | Note
-------+----------+-------------------------------------------
     0 | D:1      | kae the Demonspawn Enchanter began the quest for the Orb.
     0 | D:1      | Reached XP level 1. HP: 13/13 MP: 3/3
     0 | D:1      | magus.rc [v1.11.3]
    34 | D:1      | Reached skill level 1 in Short Blades
   106 | D:1      | HP: 3/13 [hobgoblin (4)]
   108 | D:1      | HP: 1/13 [hobgoblin (2)]
   544 | D:1      | Gained mutation: You have large cloven feet. [demonic
                  | ancestry]
   544 | D:1      | Reached XP level 2. HP: 19/19 MP: 5/5
   753 | D:2      | HP: 3/19 [poisoned by an adder]
   755 | D:2      | HP: 1/19 [poisoned by an adder]
   756 | D:2      | Reached skill level 2 in Dodging
   758 | D:2      | Succumbed to an adder's poison

Vanquished Creatures
  An adder (D:2)
  An endoplasm (D:1)
  3 hobgoblins (D:1)
  2 ball pythons
  2 frilled lizards (D:1)
  A kobold (D:1)
10 creatures vanquished.

Table legend:
 A = Non-vault XP
 B = Vault XP
 C = Vault XP percentage of total XP
 D = Non-vault monster count
 E = Vault monster count
 F = Vault count percentage of total count
                 A         B        C        D         E       F
            +---------+---------+-------+---------+---------+-------
      Total |      27 |       0 |   0.0 |      10 |       0 |   0.0
            +---------+---------+-------+---------+---------+-------
        D:1 |      12 |       0 |   0.0 |       8 |       0 |   0.0
        D:2 |      15 |       0 |   0.0 |       2 |       0 |   0.0
            +---------+---------+-------+---------+---------+-------

Skill      XL: |  1  2 |
---------------+-------+-----
Short Blades   | 1 |  1.4
Dodging        | 2 |  2.0
Stealth        | |  2.9
Spellcasting   | |  2.1
Hexes          | |  3.2

Action                     || total
---------------------------++-------
  Melee: Dagger            ||    52
         Kick              ||     2
    Use: Scroll            ||     2
         Potion            ||     2
 Armour: Robe              ||    26
  Dodge: Dodged            ||    31
  Block: Other             ||     2

Illustrated notes

Table legend:
 A = Kills in this place as a percentage of kills in the entire game.
 B = Kills by you in this place as a percentage of kills by you in the entire game.
 C = Kills by friends in this place as a percentage of kills by friends in the entire game.
 D = Other kills in this place as a percentage of other kills in the entire game.
 E = Experience gained in this place as a percentage of experience gained in the entire game.
 F = Experience gained in this place divided by the number of levels of this place that you have seen.
                   A       B       C       D       E      F
               +-------+-------+-------+-------+-------+----------------------
         Total | 100.0 | 100.0 |   N/A |   N/A | 100.0 |  13.5
       Dungeon | 100.0 | 100.0 |   N/A |   N/A | 100.0 |  13.5
               +-------+-------+-------+-------+-------+----------------------

Table legend: (Time is in decaauts)
 A = Elapsed time spent in this place.
 B = Non-inter-level travel time spent in this place.
 C = Inter-level travel time spent in this place.
 D = Time resting spent in this place.
 E = Time spent auto-exploring this place.
 F = Levels seen in this place.
 G = Mean time per level.
                   A        B        C        D        E       F      G
               +--------+--------+--------+--------+--------+-----+--------+
         Total |    754 |    749 |      5 |     78 |    567 |   2 |  377.0 |
       Dungeon |    754 |    749 |      5 |     78 |    567 |   2 |  377.0 |
               +--------+--------+--------+--------+--------+-----+--------+

Top non-repeatable levels by time:
     D:1: 679 daAuts
     D:2: 74 daAuts
